 Dungeon Crawl Stone Soup version 0.31-a0-267-g3fc6992b3b (webtiles) character file.

Game seed: 5220655962787683638

628 qw the Shooter (level 7, -1/59 HPs)
             Began as a Minotaur Hexslinger on July 14, 2023.
             Killed from afar by a white imp (7 damage)
             ... with a puff of frost
             ... on level 5 of the Dungeon.
             The game lasted 00:01:23 (3156 turns).

qw the Shooter (Minotaur Hexslinger)                Turns: 3156, Time: 00:01:24

Health: -1/59      AC:  6    Str: 13    XL:     7   Next: 23%
Magic:  7/7        EV: 11    Int: 10    God:
Gold:   234        SH:  0    Dex: 14    Spells: 7/8 levels left

rFire   + . .        Y - +2 sling
rCold   + . .        (no shield)
rNeg    . . .        n - +0 ring mail
rPois   .            (helmet restricted)
rElec   .            d - scarf {rC+ rF+}
rCorr   .            e - +0 pair of gloves
SInv    +            (no boots)
Will    .....        f - amulet of the acrobat
Stlth   +            j - ring of see invisible
HPRegen 0.29/turn    (no ring)
MPRegen 0.10/turn

%: acrobat
@: no status effects
A: horns 2, retaliatory headbutt
a: no special abilities


You were on level 5 of the Dungeon.
You visited 1 branch of the dungeon, and saw 5 of its levels.

You collected 234 gold pieces.


Innate Abilities, Weirdness & Mutations

You have a pair of horns on your head.
You reflexively headbutt those who attack you in melee.


   Skills:
 - Level 4.1 Fighting
 + Level 7.9 Ranged Weapons
 - Level 1.1 Armour
 - Level 2.1 Dodging
 - Level 1.0 Spellcasting
 - Level 2.0 Hexes


You had 7 spell levels left.
You knew the following spells:

 Your Spells              Type           Power      Damage    Failure   Level
a - Slow                  Hex            16%        N/A       32%         1

Your spell library contained the following spells:

 Spells                   Type           Power      Damage    Failure   Level
 Inner Flame              Hex/Fire       2%         N/A       82%         3
 Portal Projectile        Hex/Tloc       4%         N/A       82%         3
 Cause Fear               Hex            2%         N/A       97%         4

Inventory:

Hand Weapons
 Y - a +2 sling (weapon)
Armour
 d - a scarf of resistance (worn)
 e - a +0 pair of gloves (worn)
 n - a +0 ring mail (worn)
Jewellery
 f - an amulet of the acrobat (around neck)
 j - a ring of see invisible (left hand)
Wands
 a - a wand of digging (3)
Potions
 b - 2 potions of might
 c - a potion of ambrosia {unknown}
 g - a potion of resistance {unknown}
 k - a potion of mutation {unknown}
 l - a potion of haste

Dungeon Overview and Level Annotations

Branches:
Dungeon (5/15)
 Temple: D:4-7

Altars:
Ashenzari
Ru


Message History

The orc wizard casts a spell at you.
You are confused.
The orc wizard gestures at you while chanting.
The magic dart hits you. The orc wizard misses you.
The orc wizard points at you and mumbles some strange words.
You are more confused.
The orc wizard hits you with a +0 dagger.
The orc wizard hits you but does no damage.
A white imp comes into view.
The orc wizard hits you with a +0 dagger.
The orc wizard completely misses you.
The orc wizard hits you but does no damage.
The orc wizard completely misses you. The white imp gestures at you.
The puff of frost hits the orc wizard.
The orc wizard hits you with a +0 dagger.
You feel less confused. The orc wizard closely misses you.
You shoot a sling bullet.
The sling bullet barely misses the orc wizard.
The orc wizard hits you with a +0 dagger.
You shoot a sling bullet. The sling bullet hits the orc wizard.
The orc wizard is severely wounded.
The white imp gestures at you.
The puff of frost misses the orc wizard.
The puff of frost hits you. You resist.
The orc wizard hits you but does no damage.
You shoot a sling bullet.
The sling bullet barely misses the orc wizard.
The white imp gestures at you.
The puff of frost hits the orc wizard.
The orc wizard dies!
You shoot a sling bullet. The sling bullet hits the white imp.
The white imp is moderately wounded.
The white imp gestures at you. The puff of frost hits you. You resist.
The white imp gestures at you. The puff of frost hits you! You resist.
You die...

..# ## ... .#
#.##.# #.##.#
#######.##.#
####...(<.....#
#...5.........#
##)#..<.###.#).###.
#.@)........#).....
#.)#....#####.=###.
#..##.#.#####..###
#...#.#..ยค.S......
..#.# #.##..## #..
.# #o##..# #.. ##
#.##..# #.. #.##..#
.......


You could see a white imp.

Vanquished Creatures
  2 ogres
  A phantom (D:5)
  A scorpion (D:4)
  5 orc wizards
  Ijyb (D:3)
  7 adders
  2 ufetubi
  A worm (D:2)
  4 dart slugs
  8 orcs
  3 endoplasms
  6 giant cockroaches
  8 goblins
  9 hobgoblins
  4 jackals (D:2)
  3 quokkas
  7 ball pythons
  2 bats
  3 frilled lizards
  10 kobolds
  3 rats
90 creatures vanquished.

Vanquished Creatures (others)
  An orc wizard (D:5)
1 creature vanquished.

Grand Total: 91 creatures vanquished

Notes
Turn   | Place    | Note
-------+----------+-------------------------------------------
     0 | D:1      | qw the Minotaur Hexslinger began the quest for the Orb.
     0 | D:1      | Reached XP level 1. HP: 16/16 MP: 1/1
     0 | D:1      | 0 ||| qw: Version: 0.3-a-52-g30416fa
     0 | D:1      | 0 ||| qw: Game counter: 7863
     0 | D:1      | 0 ||| qw: Melee chars always use a shield: true
     0 | D:1      | 0 ||| qw: God list: Okawaru
     0 | D:1      | 0 ||| qw: Allow faded altars: false
     0 | D:1      | 0 ||| qw: Do Orc after clearing Dungeon:15 true
     0 | D:1      | 0 ||| qw: Do second Lair branch before Depths: true
     0 | D:1      | 0 ||| qw: Lair rune preference: random
     0 | D:1      | 0 ||| qw: Goals: Normal
     0 | D:1      | 0 ||| PLANNING D:1-11
    75 | D:1      | Reached skill level 3 in Ranged Weapons
    79 | D:1      | Reached XP level 2. HP: 23/23 MP: 2/2
   579 | D:1      | 579 ||| UPGRADING to +0 pair of gloves.
   584 | D:1      | 584 ||| UPGRADING to +0 ring mail.
   594 | D:1      | 594 ||| DROPPING +0 robe.
   595 | D:1      | 595 ||| UPGRADING to amulet of the acrobat.
   600 | D:1      | 600 ||| UPGRADING to ring of see invisible.
   601 | D:1      | 601 ||| READING scroll labelled GACKIF EJOAX.
   602 | D:1      | 602 ||| READING scroll labelled TATHIH OFAI.
   603 | D:1      | 603 ||| READING scroll labelled ILOIWNEUWN.
   704 | D:1      | 704 ||| READING scroll labelled EMIUDU CUCAIN.
   705 | D:1      | 705 ||| READING scroll labelled GENILO ROECUUF.
   706 | D:1      | 706 ||| DRINKING 2 fuming clear potions.
   707 | D:1      | 707 ||| DRINKING 2 metallic inky potions.
   708 | D:1      | 708 ||| DROPPING scroll of poison.
   758 | D:2      | Reached XP level 3. HP: 16/29 MP: 3/3
   903 | D:2      | Reached skill level 4 in Ranged Weapons
   967 | D:2      | Found a faded altar of an unknown god.
  1022 | D:2      | Reached skill level 1 in Armour
  1069 | D:2      | You fall into a shaft and drop 1 floor!
  1164 | D:3      | Reached XP level 4. HP: 36/36 MP: 4/4
  1180 | D:3      | 1180 ||| READING 2 scrolls labelled FEUHAI XOFAUTE.
  1181 | D:3      | 1181 ||| DRINKING 3 sedimented purple potions.
  1182 | D:3      | 1182 ||| DROPPING scroll of noise.
  1576 | D:2      | 1576 ||| UPGRADING to scarf of resistance.
  1581 | D:2      | 1581 ||| READING scroll labelled SISANL YSCHURR.
  1582 | D:2      | 1582 ||| READING 2 scrolls labelled GAAHYU UTOTIQ.
  1583 | D:2      | 1583 ||| READING scroll labelled XYUSIZX REWO.
  1587 | D:2      | 1587 ||| DROPPING scroll of fear.
  1723 | D:3      | Identified the +4 kite shield of the Harp {Str+3}
  1728 | D:3      | Noticed Ijyb
  1754 | D:3      | Killed Ijyb
  1755 | D:3      | Reached skill level 5 in Ranged Weapons
  1793 | D:3      | Found a faded altar of an unknown god.
  2095 | D:3      | Found a broken altar of Ashenzari.
  2187 | D:3      | 2187 ||| READING scroll labelled GEOCIECONE.
  2188 | D:3      | 2188 ||| READING scroll labelled VUULOU OTTERE.
  2217 | D:4      | Reached XP level 5. HP: 44/44 MP: 5/5
  2375 | D:4      | 2375 ||| Stepping ~*~*~tactically~*~*~ (outnumbered).
  2484 | D:4      | 2484 ||| Stepping ~*~*~tactically~*~*~ (outnumbered).
  2497 | D:4      | 2497 ||| DRINKING potion of curing.
  2497 | D:4      | 2497 ||| (to cure confusion)
  2499 | D:4      | Reached XP level 6. HP: 41/52 MP: 6/6
  2578 | D:4      | 2578 ||| DROPPING ring of flight.
  2584 | D:4      | 2584 ||| STAIRDANCE
  2585 | D:3      | Found a sacrificial altar of Ru.
  2652 | D:4      | Reached skill level 6 in Ranged Weapons
  2681 | D:4      | HP: 10/52 [ogre/+0 giant spiked club (17)]
  3093 | D:5      | Entered Level 5 of the Dungeon
  3112 | D:5      | Reached skill level 7 in Ranged Weapons
  3129 | D:5      | Reached XP level 7. HP: 35/59 MP: 7/7
  3145 | D:5      | HP: 13/59 [orc wizard/+0 dagger (3)]
  3151 | D:5      | HP: 13/59 [orc wizard/+0 dagger (1)]
  3156 | D:5      | HP: 6/59 [white imp/puff of frost (2)]
  3156 | D:5      | Killed from afar by a white imp

Levels and vault maps discovered:
D:1:      dpeg_arrival_connections, layout_basic, st_stairs_11, minmay_cupped
D:2:      layout_loops_ring, chequers_ecumenical_altar_simple_redux,
          lightli_corner_chamber
D:3:      layout_basic, nicolae_overflow_ecumenical_swirl,
          mainiacjoe_overflow_catwalk, serial_glass, glass_columns_c,
          glass_columns_c, uniq_ijyb
D:4:      layout_basic, roderic_serpentine_path
D:5:      layout_loops_ring

Skill      XL: |  1  2  3  4  5  6 |
---------------+-------------------+-----
Ranged Weapons | 3 4 5 7 |  7.9
Fighting       | 2 4 |  4.1
Armour         | 1 |  1.1
Dodging        | |  2.1
Spellcasting   | |  1.0
Hexes          | |  2.0

Action                     |  1- 3 |  4- 6 |  7- 9 || total
---------------------------+-------+-------+-------++-------
   Fire: Sling             |   111 |   208 |    17 ||   336
    Use: Scroll            |     5 |     6 |       ||    11
         Potion            |     2 |     2 |       ||     4
 Armour: Ring mail         |    18 |    45 |     7 ||    70
         Robe              |     2 |       |       ||     2
         Skin              |       |     6 |       ||     6
  Dodge: Dodged            |    26 |    81 |    10 ||   117

Table legend:
 A = Non-vault XP
 B = Vault XP
 C = Vault XP percentage of total XP
 D = Non-vault monster count
 E = Vault monster count
 F = Vault count percentage of total count
                 A         B        C        D         E       F
            +---------+---------+-------+---------+---------+-------
      Total |     857 |      41 |   4.6 |      86 |       5 |   5.5
            +---------+---------+-------+---------+---------+-------
        D:1 |      23 |       5 |  17.9 |      14 |       4 |  22.2
        D:2 |      66 |       0 |   0.0 |      22 |       0 |   0.0
        D:3 |      62 |      36 |  36.7 |      14 |       1 |   6.7
        D:4 |     414 |       0 |   0.0 |      27 |       0 |   0.0
        D:5 |     292 |       0 |   0.0 |       9 |       0 |   0.0
            +---------+---------+-------+---------+---------+-------
